 Dungeon Crawl Stone Soup version 0.29-a0-1008-g949cc1d0fb (webtiles) character file.

Game seed: 6979392134200622066

14147 mandarbmax the Destroyer (level 11, -5/81 HPs)
             Began as a Red Draconian Conjurer on Aug 7, 2022.
             Was an Elder of Vehumet.
             Slain by a komodo dragon (21 damage)
             ... on level 3 of the Lair of Beasts.
             The game lasted 01:11:31 (15623 turns).

mandarbmax the Destroyer (Red Draconian Conjurer)  Turns: 15623, Time: 01:11:31

Health: -5/81      AC: 16    Str: 10    XL:     11   Next: 84%
Magic:  0/26       EV: 12    Int: 26    God:    Vehumet [****..]
Gold:   1271       SH:  0    Dex:  8    Spells: 3/32 levels left

rFire   + . .      SeeInvis .   a - +4 whip "Patos" {speed, Drain rPois rC+ Will+++}
rCold   + + .      Faith    .   H - orb {mayhem}
rNeg    . . .      Spirit   +   (body armour unavailable)
rPois   +          Reflect  .   (helmet restricted)
rElec   .          Harm     .   z - +0 cloak
rCorr   .          Rampage  .   g - +1 pair of gloves
Will    +++..                   y - +1 pair of boots
Stlth   +.........              h - amulet of guardian spirit
HPRegen 0.23/turn               v - +4 ring of protection
MPRegen 0.20/turn               x - ring of poison resistance

@: short of breath
A: breathe fire, AC +7, unfitting armour, fire resistance 1, cold-blooded,
clever 1, cold resistance 1
a: Breathe Fire, Renounce Religion


You were on level 3 of the Lair of Beasts.
You worshipped Vehumet.
Vehumet was greatly pleased with you.
You visited 2 branches of the dungeon, and saw 14 of its levels.
You also visited: Sewer.

You collected 1584 gold pieces.
You spent 313 gold pieces at shops.

Inventory:

Hand Weapons
 a - the +4 whip "Patos" (weapon) {speed, Drain rPois rC+ Will+++}
   (You found it on level 5 of the Dungeon)

   Attacks with this weapon are significantly faster.
   rC:        It protects you from cold.
   rPois:     It protects you from poison.
   Drain:     It drains your maximum health when unequipped.
   Will:      It greatly increases your willpower.
 b - the +3 sling of Perfectionism {speed, rElec rN+ Will+}
   (You found it on level 2 of the Dungeon)

   Attacks with this weapon are significantly faster.
   rElec:     It insulates you from electricity.
   rN:        It protects you from negative energy.
   Will:      It increases your willpower.
 d - a +2 dagger of holy wrath
 q - a +0 longbow
Missiles
 A - 2 throwing nets
Armour
 g - a +1 pair of gloves (worn)
 y - a +1 pair of boots (worn)
 z - a +0 cloak (worn)
 H - an orb of mayhem (worn)
Jewellery
 h - an amulet of guardian spirit (around neck)
 p - a ring of see invisible
 u - an amulet of magic regeneration
 v - a +4 ring of protection (left hand)
 x - a ring of poison resistance (right hand)
 C - a +4 ring of protection
 O - a ring of flight
 P - a ring of wizardry
 Q - a ring of willpower
Wands
 l - a wand of light (4)
 D - a wand of digging (9)
 J - a wand of mindburst (6)
 L - a wand of roots (12)
 R - a wand of charming (2)
Scrolls
 c - 4 scrolls of amnesia
 e - 2 scrolls of fear
 n - a scroll of teleportation
 s - 2 scrolls of butterflies
 B - 4 scrolls of vulnerability
 E - 3 scrolls of brand weapon
 I - 2 scrolls of silence
 N - 2 scrolls of identify
Potions
 j - 2 potions of lignification
 k - 6 potions of flight
 m - a potion of haste
 o - 4 potions of curing
 r - 2 potions of mutation
 t - a potion of might
 w - a potion of magic
 F - a potion of brilliance
 G - 2 potions of ambrosia
 K - a potion of resistance
Miscellaneous
 M - a box of beasts


   Skills:
 + Level 2.9 Fighting
 + Level 3.2 Dodging
 - Level 1.7 Stealth
 + Level 11.0 Spellcasting
 + Level 12.9 Conjurations
 - Level 7.0 Hexes
 + Level 2.6 Evocations


You had 3 spell levels left.
You knew the following spells:

 Your Spells              Type           Power      Damage    Failure   Level
a - Searing Ray           Conj           100%       2d8       1%          2
b - Dazzling Flash        Conj/Hex       100%       N/A       1%          3
c - Fulminant Prism       Conj/Hex       30%        3d16      1%          4
d - Iskenderun's Mystic   Conj/Tloc      48%        2d11      1%          4
e - Scorch                Fire           28%        2d6       1%          2
f - Ignite Poison         Fire/Tmut/Pois 14%        N/A       3%          3
g - Iskenderun's Battles  Conj           69%        2d12      1%          5
h - Iron Shot             Conj/Erth      24%        9d5       12%         6

Your spell library contained the following spells:

 Spells                   Type           Power      Damage    Failure   Level
 Lightning Bolt           Conj/Air       24%        1d39      2%          5
 Magic Dart               Conj           100%       1d8       0%          1
 Sandblast                Erth           28%        2d8       1%          1
 Stone Arrow              Conj/Erth      96%        3d13      1%          3
 Passwall                 Tmut/Erth      11%        N/A       6%          2
 Gell's Gravitas          Tloc           14%        N/A       12%         3
 Lesser Beckoning         Tloc           14%        N/A       12%         3
 Teleport Other           Tloc           14%        N/A       12%         3
 Spellforged Servitor     Conj/Summ      24%        N/A       50%         7


Dungeon Overview and Level Annotations

Branches:
Dungeon (11/15)            Temple (0/1) D:7            Lair (2/5) D:8
  Snake (0/4) Lair:2          Orc (0/2) D:10          Sewer (visited)
  Swamp: Lair:2-3    Shoals: Lair:2-3

Altars:
Ashenzari
Dithmenos
Elyvilon
Makhleb
Nemelex Xobeh
Okawaru
Ru
Sif Muna
Trog
Vehumet
Xom

Shops:
D:4 !:   D:5 [   D:9 ((((!   D:10 *

Annotations:
D:11 Grum


Innate Abilities, Weirdness & Mutations

You can breathe blasts of fire.
Your fiery red scales are hard. (AC +7)
You cannot fit into any form of body armour.
Your flesh is heat resistant. (rF+)
You are cold-blooded and may be slowed by cold attacks.
Your mind is acute. (Int +4, Str/Dex -1)
Your flesh is cold resistant. (rC+)


Message History

The komodo dragon is heavily wounded.
The komodo dragon barely misses you.
You hit the komodo dragon.
The komodo dragon is heavily wounded.
The komodo dragon bites you.
You closely miss the komodo dragon.
The komodo dragon is heavily wounded.
The komodo dragon is no longer more vulnerable to fire.
You hit the komodo dragon.
The komodo dragon is heavily wounded.
The komodo dragon completely misses you.
You hit the komodo dragon but do no damage.
The komodo dragon is heavily wounded.
The komodo dragon bites you!!
Okay, then.
Casting: Scorch (safe; 1% risk of failure)
Confirm with . or Enter, or press ? or * to list all spells.
Flames lash the komodo dragon.
The komodo dragon is severely wounded.
The komodo dragon's fire resistance burns away.
The komodo dragon hisses menacingly.
The komodo dragon bites you but does no damage.
You hit the komodo dragon but do no damage.
The komodo dragon is severely wounded.
The komodo dragon hisses menacingly.
The komodo dragon bites you!
* * * LOW HITPOINT WARNING * * *
Okay, then.
Aiming: Mindburst
Press: ? - help, Shift-Dir - straight line, f - komodo dragon
Aim: a komodo dragon (severely wounded, more vulnerable to fire, chance to affect: 59%)
The komodo dragon's mind is blasted!
The komodo dragon bites you!
* * * LOW HITPOINT WARNING * * *
Unknown command.
Aiming: Mindburst
Press: ? - help, Shift-Dir - straight line, f/p - komodo dragon
Aim: a komodo dragon (almost dead, more vulnerable to fire, chance to affect: 59%)
Okay, then.
You feel better. The komodo dragon bites you!!
You die...

#......
#.....
#....P
#....#
#....#
#....#
#..l.#
#..@.#
#...†#
#......
#....#...
#....##....
#....# ....
#....# ...
#..... ..


You could see a komodo dragon (combustible).

Vanquished Creatures
  Erolcha (D:10)
  A hydra (Lair:3)
  2 two-headed ogres
  Pikel (D:9)
  A cyclops (D:11)
  3 black mambas
  2 cane toads (Lair:1)
  Maggie (D:7)
  A rime drake (Lair:1)
  A komodo dragon (Lair:1)
  A troll (D:10)
  A hornet (D:7)
  4 blink frogs (Lair:1)
  2 shadows
  A wyvern (D:9)
  4 yaks (D:10)
  3 vampire mosquitoes (D:10)
  2 acid dragons
  3 water moccasins
  2 ice beasts
  A sky beast (D:7)
  9 orc warriors
  3 black bears (D:8)
  A wolf (D:11)
  4 centaurs
  3 lemures (D:9)
  4 kobold brigands
  9 bullfrogs
  A gnoll sergeant (D:9)
  3 scorpions (D:5)
  7 wights (D:8)
  15 killer bees
  2 howler monkeys (D:10)
  2 lava snakes (D:9)
  5 hounds
  6 orc priests
  Crazy Yiuf (D:7)
  3 jellies
  2 iguanas
  5 orc wizards
  3 adders
  15 gnolls
  A shadow imp (D:6)
  3 white imps
  3 worms
  4 dart slugs
  53 orcs
  11 ball pythons
  14 bats
  15 endoplasms
  5 giant cockroaches
  3 goblins
  8 hobgoblins
  3 jackals (D:4)
  29 kobolds
  9 quokkas
  5 frilled lizards (D:2)
  6 rats
  A fulminant prism (D:11)
314 creatures vanquished.

Vanquished Creatures (collateral kills)
  2 yaks (D:10)
  A wolf (D:11)
  A hound (D:5)
  An orc priest (D:5)
  An orc wizard (D:5)
  An iguana (D:5)
  A gnoll (D:9)
  An orc (D:5)
  A fulminant prism (D:10)
10 creatures vanquished.

Vanquished Creatures (others)
  A vampire mosquito (D:10)
  An orc wizard (D:9)
  107 fulminant prisms
  17 fungi
  26 plants
  10 withered plants (D:2)
162 creatures vanquished.

Grand Total: 486 creatures vanquished

Notes
Turn   | Place    | Note
-------+----------+-------------------------------------------
     0 | D:1      | mandarbmax the Draconian Conjurer began the quest for the
                  | Orb.
     0 | D:1      | Reached XP level 1. HP: 14/14 MP: 3/3
   395 | D:1      | Reached XP level 2. HP: 20/20 MP: 1/5
  1111 | D:1      | Reached XP level 3. HP: 24/26 MP: 1/6
  1352 | D:2      | Reached skill level 5 in Conjurations
  1698 | D:2      | You fall into a shaft and drop 2 floors!
  1703 | D:4      | Learned a level 2 spell: Searing Ray
  1707 | D:4      | Learned a level 3 spell: Dazzling Flash
  1740 | D:4      | Found a glowing drain.
  1753 | Sewer    | Entered a sewer
  1833 | Sewer    | Noticed a water moccasin
  1844 | Sewer    | Killed a water moccasin
  1845 | Sewer    | Reached skill level 1 in Hexes
  1845 | Sewer    | Reached XP level 4. HP: 11/33 MP: 3/8
  1845 | Sewer    | Reached XP level 5. HP: 13/38 MP: 3/9
  2201 | D:4      | Found Zojau's Tremendous Tomes.
  2282 | D:4      | Found Goow Gia's Distillery.
  2290 | D:4      | Bought a potion of heal wounds for 55 gold pieces
  2290 | D:4      | Bought a potion of curing for 33 gold pieces
  2398 | D:2      | Identified the +3 sling of Perfectionism {speed, rElec rN+
                  | Will+}
  3052 | D:2      | Found a faded altar of an unknown god.
  3651 | D:3      | Reached skill level 6 in Conjurations
  3657 | D:3      | Reached XP level 6. HP: 45/45 MP: 2/11
  4399 | D:4      | HP: 1/45 [gnoll/+0 flail (7)]
  5109 | D:5      | Entered Level 5 of the Dungeon
  5163 | D:5      | Learned a level 4 spell: Fulminant Prism
  5177 | D:5      | Found a radiant altar of Vehumet.
  5201 | D:5      | Became a worshipper of Vehumet
  5230 | D:5      | Found a shimmering blue altar of Sif Muna.
  5248 | D:5      | Gained mutation: Your flesh is cold resistant. (rC+)
                  | [potion of mutation]
  5248 | D:5      | Gained mutation: Your mind is acute. (Int +4, Str/Dex -1)
                  | [potion of mutation]
  5692 | D:5      | Your scales start taking on a fiery red colour.
  5692 | D:5      | Reached XP level 7. HP: 36/50 MP: 8/13
  5692 | D:5      | Gained mutation: Your flesh is heat resistant. (rF+) [Red
                  | Draconian growth]
  5935 | D:5      | Reached skill level 7 in Conjurations
  6290 | D:5      | Reached * piety under Vehumet
  6290 | D:5      | Offered knowledge of Shock by Vehumet.
  6291 | D:5      | Reached skill level 5 in Spellcasting
  6309 | D:5      | Found a burning altar of Makhleb.
  6309 | D:5      | Noticed a green death
  6317 | D:5      | Noticed a moth of wrath
  6320 | D:5      | Found a bloodstained altar of Trog.
  6344 | D:5      | Identified the +4 whip "Patos" {speed, Drain rPois rC+
                  | Will+++}
  6667 | D:5      | Found Josy's Antique Armour Emporium.
  6789 | D:5      | Bought a pair of runed gloves for 225 gold pieces
  7204 | D:6      | Reached XP level 8. HP: 57/57 MP: 3/15
  7699 | D:7      | Learned a level 4 spell: Iskenderun's Mystic Blast
  7704 | D:7      | Noticed Maggie
  7741 | D:7      | Killed Maggie
  7742 | D:7      | Reached skill level 8 in Conjurations
  8444 | D:7      | Found a staircase to the Ecumenical Temple.
  8555 | D:7      | Reached XP level 9. HP: 62/62 MP: 14/19
  8572 | D:7      | Reached skill level 9 in Conjurations
  8578 | D:7      | Offered knowledge of Scorch by Vehumet.
  8578 | D:7      | Reached ** piety under Vehumet
  9209 | D:7      | Found a runed translucent door.
  9210 | D:7      | Noticed Crazy Yiuf
  9216 | D:7      | Learned a level 2 spell: Scorch
  9219 | D:7      | Killed Crazy Yiuf
  9572 | D:8      | Reached skill level 5 in Hexes
  9619 | D:8      | Offered knowledge of Ignite Poison by Vehumet.
  9884 | D:8      | Reached skill level 10 in Conjurations
 10355 | D:8      | Found a staircase to the Lair.
 10463 | D:8      | Found a broken altar of Ashenzari.
 10543 | D:8      | Reached *** piety under Vehumet
 10544 | D:8      | Reached XP level 10. HP: 69/69 MP: 19/22
 10916 | D:8      | Learned a level 3 spell: Ignite Poison
 11104 | D:9      | Noticed Pikel
 11113 | D:9      | Killed Pikel
 11120 | D:9      | Noticed a two-headed ogre
 11125 | D:9      | Killed a two-headed ogre
 11126 | D:9      | Reached skill level 11 in Conjurations
 11295 | D:9      | Found Zarph's Distillery.
 11301 | D:9      | Offered knowledge of Frozen Ramparts by Vehumet.
 11442 | D:9      | Found Plog's Weapon Shop.
 11636 | D:9      | Found Goanaleb's Antique Weapon Boutique.
 11636 | D:9      | Found Utaishef's Weapon Shop.
 11724 | D:9      | Found a sparkling altar of Nemelex Xobeh.
 12065 | D:9      | Found Soch's Weapon Shop.
 12128 | D:10     | Entered Level 10 of the Dungeon
 12223 | D:10     | Found a shadowy altar of Dithmenos.
 12512 | D:10     | Learned a level 5 spell: Iskenderun's Battlesphere
 12551 | D:10     | Reached **** piety under Vehumet
 12692 | D:10     | Reached XP level 11. HP: 53/74 MP: 3/24
 12851 | D:10     | Offered knowledge of Lightning Bolt by Vehumet.
 12993 | D:10     | Found an iron altar of Okawaru.
 12994 | D:10     | Found a white marble altar of Elyvilon.
 13020 | D:10     | Reached skill level 10 in Spellcasting
 13032 | D:10     | Reached skill level 12 in Conjurations
 13280 | D:10     | Found a shimmering altar of Xom.
 13337 | D:10     | Found a sacrificial altar of Ru.
 13463 | D:10     | Found a staircase to the Orcish Mines.
 13485 | D:10     | Found Lauzxias's General Store.
 13727 | D:11     | Noticed Grum
 13727 | D:11     | Noticed a two-headed ogre
 13731 | D:11     | Noticed a five-headed hydra
 13739 | D:10     | Killed a two-headed ogre
 13904 | D:11     | Noticed Erolcha
 13915 | D:10     | Killed Erolcha
 14106 | Lair:1   | Entered Level 1 of the Lair of Beasts
 14141 | D:8      | Learned a level 6 spell: Iron Shot
 14289 | Lair:1   | Reached skill level 1 in Fighting
 14422 | Lair:1   | Reached skill level 1 in Evocations
 15574 | Lair:1   | Identified a scroll of acquirement
 15575 | Lair:1   | Acquired 730 gold pieces
 15602 | Lair:2   | You fall into a shaft and drop 1 floor!
 15602 | Lair:3   | Noticed a four-headed hydra
 15608 | Lair:3   | Killed a four-headed hydra
 15623 | Lair:3   | Slain by a komodo dragon

Illustrated notes

Levels and vault maps discovered:
D:1:      dpeg_arrival_refuge, layout_rooms, dreamdust_princess_bridge
D:2:      layout_basic, shapermc_ecumenical_altar_flowoftime
D:3:      minmay_spotlight, layout_loops_ring, st_stairs_1,
          minmay_goblin_kobold_house
D:4:      layout_basic, gup_sewer_entry_pipe, serial_shops,
          nicolae_shop_hallway_stairs, minivault_5, hangedman_decor_points,
          nicolae_shop_i_like_big_books
D:5:      layout_cave_pools, makhleb_altar_promises_db,
          nicolae_overflow_hidden_temple, mainiacjoe_overflow_24_doors,
          tgw_trog, serial_shops, nicolae_lakefront_shop,
          amcnicky_mini_pool_medium
D:6:      layout_gridville
D:7:      layout_loops_corners, minmay_temple_entry_nine_rooms, serial_glass,
          glass_columns_b, glass_columns_a, glass_columns_a, glass_columns_a,
          glass_columns_b, minmay_starry_boxes, uniq_crazy_yiuf_cottage,
          uniq_maggie
D:8:      layout_cave_pods, lemuel_round_altar, grunt_lair_entry_orc_guard_hut
D:9:      layout_roguey, nicolae_overflow_crystal_walls, serial_shops,
          nicolae_shop_statue_plus, shop, nicolae_shop_bloodbath_and_beyond,
          nicolae_inconvenience_store, shop, hangedman_abyss_or_decor_clamps,
          minmay_misc_feat_chi, uniq_pikel
D:10:     layout_loops_ring, dk_xom_monty_hall,
          chequers_temple_overflow_statue_of_worship, kennysheep_mini_moat,
          nicolae_dithmenos_shadow_blocks, special_room [special_room_orc],
          serial_shops, nicolae_square_shop
D:11:     cheibrodos_frozen_isle, layout_basic, chequers_decorated_corner,
          uniq_grum, uniq_erolcha
Lair:1:   layout_chaotic_city
Lair:2:   layout_cave_pods, minmay_snake_entry_guardpost_small, enter_volcano_1,
          serial_bayou_shore_b
Lair:3:   layout_long_grid, swamp_mist_pool, gammafunk_lair_bear_cave

Skill      XL: |  1  2  3  4  5  6  7  8  9 10 11 |
---------------+----------------------------------+-----
Dodging        | 2 3 |  3.2
Conjurations   | 5 6 7 8 10 11 12 | 12.9
Hexes          | 1 2 3 4 5 6 7 |  7.0
Spellcasting   | 3 4 5 6 8 9 11 | 11.0
Fighting       | 2 |  2.9
Evocations     | 2 |  2.6
Stealth        | |  1.7

Action                   |  1- 3 |  4- 6 |  7- 9 | 10-12 || total
-------------------------+-------+-------+-------+-------++-------
Melee: Unarmed           |    15 |       |       |       ||    15
       Tailslap          |     2 |     6 |     7 |    14 ||    29
       Short sword       |     2 |       |       |       ||     2
       Dagger            |       |    56 |    19 |       ||    75
       Punch             |       |     1 |     1 |       ||     2
       Whip              |       |       |    87 |   139 ||   226
 Fire: Longbow           |    70 |    61 |       |       ||   131
       Sling             |       |    77 |     9 |       ||    86
 Cast: Magic Dart        |    58 |       |       |       ||    58
       Searing Ray       |     4 |    24 |    21 |     2 ||    51
       Dazzling Flash    |       |     8 |       |       ||     8
       Fulminant Prism   |       |     2 |    47 |    60 ||   109
       Iskenderun's Myst |       |       |     1 |     5 ||     6
       Scorch            |       |       |     5 |    38 ||    43
       Iskenderun's Batt |       |       |       |     1 ||     1
       Iron Shot         |       |       |       |    12 ||    12
 Abil: Breathe Fire      |       |       |    11 |    18 ||    29
Evoke: Wand              |       |       |     3 |     1 ||     4
  Use: Scroll            |     1 |     6 |     6 |     8 ||    21
       Potion            |     1 |    13 |     4 |     2 ||    20
 Stab: Invisible         |       |       |     1 |       ||     1
Armor: Skin              |    31 |    57 |    42 |    87 ||   217
Dodge: Dodged            |    66 |   130 |    70 |   107 ||   373

Table legend: (Time is in decaauts)
 A = Elapsed time spent in this place.
 B = Non-inter-level travel time spent in this place.
 C = Inter-level travel time spent in this place.
 D = Time resting spent in this place.
 E = Time spent auto-exploring this place.
 F = Levels seen in this place.
 G = Mean time per level.
                   A        B        C        D        E       F      G
               +--------+--------+--------+--------+--------+-----+--------+
         Total |  15637 |  14825 |    812 |   2719 |   9914 |  15 | 1042.5 |
       Dungeon |  14098 |  13300 |    798 |   2175 |   9145 |  11 | 1281.6 |
          Lair |   1230 |   1217 |     13 |    344 |    754 |   3 |  410.0 |
         Sewer |    308 |    308 |      0 |    200 |     15 |   1 |  308.0 |
               +--------+--------+--------+--------+--------+-----+--------+

Top non-repeatable levels by time:
    D:10: 1888 daAuts
     D:5: 1746 daAuts
     D:8: 1641 daAuts
     D:7: 1613 daAuts
     D:2: 1397 daAuts
     D:1: 1297 daAuts
     D:4: 1244 daAuts
     D:9: 1226 daAuts
  Lair:1: 1200 daAuts
     D:6: 1014 daAuts
     D:3: 998 daAuts
   Sewer: 308 daAuts
    D:11: 30 daAuts
  Lair:3: 18 daAuts
  Lair:2: 11 daAuts
